 Dungeon Crawl Stone Soup version 0.31-a0-219-g8d62b2e7bb (webtiles) character file.

Game seed: 6569396017681083061

95 senseless the Insei (level 4, -2/35 (36) HPs)
             Began as a Draconian Transmuter on July 3, 2023.
             Slain by Crazy Yiuf
             ... wielding a +2 quarterstaff of chaos
              (6 damage)
             ... on level 3 of the Dungeon.
             The game lasted 00:03:19 (1905 turns).

senseless the Insei (Draconian Transmuter)          Turns: 1905, Time: 00:03:20

HP:   -2/35 (36)    AC:  5    Str: 12    XL:     4   Next: 40%
MP:   7/7           EV: 12    Int: 14    God:
Gold: 129           SH:  0    Dex: 13    Spells: 7/8 levels left

rFire   + .          .
                       - Unarmed
rCold   . . .        (no shield)
rNeg    . . .        (body armour unavailable)
rPois   .            (helmet currently unavailable)
rElec   .            (no cloak)
rCorr   .            (no gloves)
SInv    +            (boots currently unavailable)
Will    .....        (no amulet)
Stlth   +            j - ring of protection from fire
HPRegen 0.25/turn    n - ring of see invisible
MPRegen 0.10/turn

%: no passive effects
@: appendages, lightly drained
A: horns 2, talons 2, AC +5, unfitting armour, cold-blooded
a: End Transformation


You were on level 3 of the Dungeon.
You had temporarily grown beastly horns and talons.
You visited 1 branch of the dungeon, and saw 3 of its levels.

You collected 129 gold pieces.

Inventory:

Hand Weapons
 m - a +1 morningstar of holy wrath
Jewellery
 j - a ring of protection from fire (left hand)
 n - a ring of see invisible (right hand)
Scrolls
 b - 2 scrolls of poison {unknown}
 c - 3 scrolls of identify {unknown}
 d - 3 scrolls of teleportation {unknown}
 e - 2 scrolls of enchant weapon {unknown}
 h - 2 scrolls of revelation {unknown}
 k - a scroll of brand weapon {unknown}
 l - a scroll of noise {unknown}
Potions
 a - a potion of lignification
 f - 3 potions of heal wounds {unknown}
 g - 4 potions of curing {unknown}
 i - 3 potions of haste {unknown}
 o - 2 potions of degeneration {unknown}


   Skills:
 + Level 2.2 Fighting
 + Level 2.4 Dodging
 + Level 3.5 Unarmed Combat
 + Level 2.5 Spellcasting
 + Level 2.8 Transmutations


You had 7 spell levels left.
You knew the following spells:

 Your Spells              Type           Power      Damage    Failure   Level
a - Beastly Appendage     Tmut           18%        N/A       7%          1

Your spell library contained the following spells:

 Spells                   Type           Power      Damage    Failure   Level
 Wereblood                Tmut           9%         N/A       11%         2
 Passwall                 Tmut/Erth      4%         N/A       19%         2
 Sandblast                Erth           2%         2d4       22%         1
 Static Discharge         Conj/Air       2%         2-3/arc   34%         2
 Spider Form              Tmut/Pois      5%         N/A       36%         3
 Stone Arrow              Conj/Erth      2%         3d7       56%         3
 Ice Form                 Ice/Tmut       5%         N/A       77%         4
 Blade Hands              Tmut           4%         N/A       89%         5
 Airstrike                Air            0%         2d(1-17)  92%         4
 Summon Lightning Spire   Summ/Air       1%         N/A       92%         4
 Animate Armour           Summ/Erth      Unusable   N/A       N/A         4

Dungeon Overview and Level Annotations

Branches:
Dungeon (3/15)

Altars:

Annotations:
D:3 Crazy Yiuf


Innate Abilities, Weirdness & Mutations

You have temporarily grown beastly horns and talons.
Your plain brown scales are hard. (AC +5)
You cannot fit into any form of body armour.
You are cold-blooded and may be slowed by cold attacks.


Message History

You see here a quokka skeleton.
There is a stone staircase leading down here.
Found a stone staircase leading up.
There is a stone staircase leading down here.
You see here a quokka skeleton.
There is a stone staircase leading down here.
Could not explore, unopened runed door.
You grow a pair of large bovine horns.
Your feet morph into talons.
Crazy Yiuf shouts!
You open the door.
Crazy Yiuf hits you with a +2 quarterstaff of chaos!
Space warps horribly around you!
There is an open translucent door here.
You hit Crazy Yiuf but do no damage. Crazy Yiuf hits you but does no damage.
You barely miss Crazy Yiuf.
Your tail-slap misses Crazy Yiuf.
Crazy Yiuf closely misses you.
You hit Crazy Yiuf but do no damage. You claw Crazy Yiuf, but do no damage.
Crazy Yiuf hits you with a +2 quarterstaff of chaos!
Crazy Yiuf freezes you.
You are too injured to fight recklessly!
You hit Crazy Yiuf. You claw Crazy Yiuf. You punch Crazy Yiuf.
Crazy Yiuf is moderately wounded.
Crazy Yiuf grits, "Leather!"
Crazy Yiuf barely misses you.
You barely miss Crazy Yiuf. You claw Crazy Yiuf.
You tail-slap Crazy Yiuf, but do no damage.
Crazy Yiuf is moderately wounded.
Crazy Yiuf hits you with a +2 quarterstaff of chaos!
* * * LOW HITPOINT WARNING * * *
You feel drained.
* * * LOW HITPOINT WARNING * * *
You hit Crazy Yiuf.
Crazy Yiuf is heavily wounded.
You closely miss Crazy Yiuf.
Your tail-slap misses Crazy Yiuf.
Crazy Yiuf is heavily wounded.
Crazy Yiuf barely misses you.
You barely miss Crazy Yiuf. You tail-slap Crazy Yiuf.
Crazy Yiuf is heavily wounded.
Crazy Yiuf hits you with a +2 quarterstaff of chaos.
You die...

#....# #...##.....
#....# #.....>.###
#...##
##.......... ##.##
#.......###. #.##
##......# #. ##.#
#......# ## #.##
#......# # ##.#
###.##.# # #@#
#.##.# #.g.#
#.##.# #...#
#.##.# #..)#
#.##.# #####
#[##.#
####.##.####
#..#.##.##..
########.#....##..
#........#######..


You could see Crazy Yiuf.

Vanquished Creatures
  A gnoll (D:1)
  2 adders (D:3)
  A shadow imp (D:3)
  3 dart slugs
  9 endoplasms
  4 giant cockroaches
  2 goblins
  5 hobgoblins
  3 quokkas
  5 ball pythons
  4 bats
  4 frilled lizards
  5 kobolds
  6 rats
54 creatures vanquished.

Notes
Turn   | Place    | Note
-------+----------+-------------------------------------------
     0 | D:1      | senseless the Draconian Transmuter began the quest for the
                  | Orb.
     0 | D:1      | Reached XP level 1. HP: 16/16 MP: 3/3
   127 | D:1      | Reached XP level 2. HP: 23/23 MP: 3/5
   431 | D:1      | Reached XP level 3. HP: 29/29 MP: 4/6
  1329 | D:3      | Reached XP level 4. HP: 34/36 MP: 5/7
  1374 | D:3      | Found a runed translucent door.
  1375 | D:3      | Noticed Crazy Yiuf
  1905 | D:3      | Slain by Crazy Yiuf

Illustrated notes

Levels and vault maps discovered:
D:1:      elethiomel_arrival_shortcut, layout_rooms
D:2:      layout_basic, dk_vineyard_1
D:3:      layout_basic, uniq_crazy_yiuf_cottage

Skill      XL: |  1  2  3 |
---------------+----------+-----
Dodging        | 2 |  2.4
Fighting       | 2 |  2.2
Unarmed Combat | |  3.5
Spellcasting   | |  2.5
Transmutations | |  2.8

Action                     |  1- 3 |  4- 6 || total
---------------------------+-------+-------++-------
  Melee: Unarmed           |   101 |    41 ||   142
         Kick              |    19 |     8 ||    27
         Headbutt          |    13 |     1 ||    14
         Tailslap          |    13 |     7 ||    20
         Punch             |     2 |     2 ||     4
   Cast: Beastly Appendage |    27 |     8 ||    35
   Stab: Sleeping          |       |     1 ||     1
 Armour: Skin              |    33 |     6 ||    39
  Dodge: Dodged            |    64 |    27 ||    91

Table legend: (Time is in decaauts)
 A = Elapsed time spent in this place.
 B = Non-inter-level travel time spent in this place.
 C = Inter-level travel time spent in this place.
 D = Time resting spent in this place.
 E = Time spent auto-exploring this place.
 F = Levels seen in this place.
 G = Mean time per level.
                   A        B        C        D        E       F      G
               +--------+--------+--------+--------+--------+-----+--------+
         Total |   1897 |   1862 |     35 |      0 |   1518 |   3 |  632.3 |
       Dungeon |   1897 |   1862 |     35 |      0 |   1518 |   3 |  632.3 |
               +--------+--------+--------+--------+--------+-----+--------+

Top non-repeatable levels by time:
     D:3: 754 daAuts
     D:2: 580 daAuts
     D:1: 562 daAuts
